 Dungeon Crawl Stone Soup version 0.29-a0-732-g3d7fbe0af2 (webtiles) character file.

Game seed: 2766184951953956501

0 elite277 the Grave Robber (level 1, 0/13 HPs)
             Began as a Human Necromancer on June 29, 2022.
             Slain by a quokka (1 damage)
             ... on level 1 of the Dungeon.
             The game lasted 00:00:36 (39 turns).

elite277 the Grave Robber (Human Necromancer)         Turns: 39, Time: 00:00:37

Health: 0/13       AC:  2    Str:  8    XL:     1   Next: 11%
Magic:  0/3        EV: 12    Int: 15    God:
Gold:   0          SH:  0    Dex: 13    Spells: 3/4 levels left

rFire   . . .      SeeInvis .   (no weapon)
rCold   . . .      Faith    .   (no shield)
rNeg    . . .      Spirit   .   a - +0 robe
rPois   .          Reflect  .   (no helmet)
rElec   .          Harm     .   (no cloak)
rCorr   .          Rampage  .   (no gloves)
Will    .....                   (no boots)
Stlth   ++........              (no amulet)
HPRegen 0.04/turn               c - ring of flight
MPRegen 0.08/turn               (no ring)

@: flying
A: no striking features
a: no special abilities


You were on level 1 of the Dungeon.
You visited 1 branch of the dungeon, and saw 1 of its levels.

Inventory:

Armour
 a - a +0 robe (worn)
Jewellery
 c - a ring of flight (left hand)
Potions
 b - a potion of magic


   Skills:
 + Level 2.0 Dodging
 + Level 2.0 Stealth
 + Level 2.0 Spellcasting
 + Level 4.0 Necromancy


You had 3 spell levels left.
You knew the following spells:

 Your Spells              Type           Power      Damage    Failure   Level
a - Necrotize             Necr           52%        1d6       4%          1

Your spell library contained the following spells:

 Spells                   Type           Power      Damage    Failure   Level
 Vampiric Draining        Necr           13%        2d6       13%         3
 Animate Dead             Necr           13%        N/A       38%         4
 Agony                    Necr           13%        N/A       75%         5


Dungeon Overview and Level Annotations

Branches:
Dungeon (1/15)

Altars:


Message History

The giant cockroach bites your rat skeleton.
The quokka attacks as you move away! The quokka bites you.
The frilled lizard bites your rat skeleton.
Your rat skeleton is destroyed!
The quokka attacks as you move away! The quokka barely misses you.
The quokka attacks as you move away! The quokka bites you.
Casting: Necrotize (safe; 4% risk of failure)
Confirm with . or Enter, or press ? or * to list all spells.
Aiming: Necrotize (safe; 4% risk of failure)
Press: ? - help, Shift-Dir - straight line, f/p - quokka
Aim: a quokka (heavily wounded, chance to affect: 83%)
The quokka writhes in agony.
The quokka barely misses you.
The quokka bites you but does no damage.
The quokka attacks as you move away! The quokka closely misses you.
Found a scroll labelled YMUULE PACAFEO.
The quokka closely misses you. The quokka attacks as you move away!
The quokka bites you.
* * * LOW HITPOINT WARNING * * *
The quokka twitches its whiskers.
The quokka attacks as you move away! The quokka closely misses you.
A quokka comes into view.
Found 2 gold pieces.
A ball python comes into view.
Found 6 gold pieces and a scroll labelled KAEPRUA DEKIF.
A hobgoblin comes into view.
The quokka closely misses you.
Casting: Necrotize (safe; 4% risk of failure)
Confirm with . or Enter, or press ? or * to list all spells.
Aiming: Necrotize (safe; 4% risk of failure)
Press: ? - help, Shift-Dir - straight line, f/p - quokka
Aim: a quokka (almost dead, chance to affect: 83%)
The quokka barely resists.
The quokka barely misses you. The quokka misses you.
The frilled lizard hisses.
The quokka attacks as you move away! The quokka bites you.
* * * LOW HITPOINT WARNING * * *
Found an encrusted gilded ring.
You see here a scroll labelled YMUULE PACAFEO.
A rat comes into view.
The giant cockroach bites the plant.
The plant begins to die.
The quokka bites you.
You die...

### .# r. #. =.....
.#...#########
########.............##
.........#..♣P..♣.♣...##
#......#.....♣PP..P..#
#@#..P..P.♣....P..
#.rlP♣......♣♣....
...####rPJ....P.P..P....
≈≈.$...BP...P.....P...♣.
⌠≈...................♣..
≈.........♣P...<...P♣...
....$...............♣...
........P...P.....P.P.P.
.........P....P.P....♣..


You could see an endoplasm, 2 quokkas, a giant cockroach, a frilled lizard and a
rat (asleep).

Vanquished Creatures
  A rat (D:1)
1 creature vanquished.

Notes
Turn   | Place    | Note
-------+----------+-------------------------------------------
     0 | D:1      | elite277 the Human Necromancer began the quest for the Orb.
     0 | D:1      | Reached XP level 1. HP: 13/13 MP: 3/3
    39 | D:1      | Slain by a quokka

Illustrated notes

Levels and vault maps discovered:
D:1:      wander_arrival_fairy_ring, layout_basic,
          chequers_ecumenical_altar_simple_redux, corexii_leaking_fountain

Action                   || total
-------------------------++-------
 Cast: Necrotize         ||     5
Armor: Robe              ||     1
Dodge: Dodged            ||    13

Table legend: (Time is in decaauts)
 A = Elapsed time spent in this place.
 B = Non-inter-level travel time spent in this place.
 C = Inter-level travel time spent in this place.
 D = Time resting spent in this place.
 E = Time spent auto-exploring this place.
 F = Levels seen in this place.
 G = Mean time per level.
                   A        B        C        D        E       F      G
               +--------+--------+--------+--------+--------+-----+--------+
         Total |     38 |     38 |      0 |      0 |      1 |   1 |   38.0 |
       Dungeon |     38 |     38 |      0 |      0 |      1 |   1 |   38.0 |
               +--------+--------+--------+--------+--------+-----+--------+

Top non-repeatable levels by time:
     D:1: 38 daAuts
